 Dungeon Crawl Stone Soup version 0.27.1-2-g3b301248ec (webtiles) character file.

Game seed: 8212281768300149458

12857 Borgoz the Carver (level 11, -5/102 HPs)
             Began as a Minotaur Berserker on Sept 28, 2021.
             Was a High Priest of Trog.
             Killed from afar by an ancient lich (36 damage)
             ... with a crystal spear
             ... on level 2 of the Abyss.
             The game lasted 00:15:44 (12455 turns).

Borgoz the Carver (Minotaur Berserker)             Turns: 12455, Time: 00:15:44

Health: -5/102     AC: 20    Str: 28    XL:     11   Next: 68%
Magic:  10/10      EV: 12    Int:  4    God:    Trog [*****.]
Gold:   680        SH:  6    Dex: 16    Spells: 10/10 levels left

rFire    . . .     SeeInvis .   u - +4 scimitar (freeze)
rCold    + . .     Faith    .   j - +0 buckler
rNeg     . . .     Spirit   .   f - +0 plate armour
rPois    .         Reflect  .   (helmet restricted)
rElec    .         Harm     .   m - +0 cloak
rCorr    +         Rampage  .   c - +2 pair of gloves {Dex+3}
Will     ++...                  (no boots)
Stlth    ..........             (no amulet)
HPRegen  1.27/turn              y - ring of Lugonu's Hope {Fly rC+ rCorr Slay+2 Stlth+}
MPRegen  0.12/turn              i - +6 ring of strength

@: strong-willed, on berserk cooldown, flying, regenerating, slowed, very slow
A: horns 2, retaliatory headbutt
a: Renounce Religion, Berserk, Trog's Hand, Brothers in Arms


You were on level 2 of the Abyss.
You worshipped Trog.
Trog was extremely pleased with you.
You visited 1 branch of the dungeon, and saw 13 of its levels.
You visited the Abyss 1 time.

You collected 680 gold pieces.

Inventory:

Hand Weapons
 u - a +4 scimitar of freezing (weapon)
Armour
 c - a +2 pair of gloves of dexterity (worn)
 f - a +0 plate armour (worn)
 j - a +0 buckler (worn)
 m - a +0 cloak (worn)
Jewellery
 i - a +6 ring of strength (right hand)
 y - the ring of Lugonu's Hope (left hand) {Fly rC+ rCorr Slay+2 Stlth+}
   (You acquired it on level 11 of the Dungeon)

   [ring of flight]

   Slay:      It affects your accuracy & damage with ranged weapons and melee
   (+2).
   rC:        It protects you from cold.
   Fly:       It grants you flight.
   rCorr:     It protects you from acid and corrosion.
   Stlth:     It makes you more stealthy.
 B - a ring of poison resistance
 C - a ring of protection from fire
Wands
 h - a wand of flame (31)
 v - a wand of digging (4)
 z - a wand of acid (7)
 H - a wand of iceblast (6)
Scrolls
 a - a scroll of vulnerability {unknown}
 e - 3 scrolls of amnesia {unknown}
 g - 2 scrolls of enchant armour
 k - 2 scrolls of enchant weapon
 n - 3 scrolls of fog {unknown}
 o - a scroll of brand weapon {unknown}
 q - 3 scrolls of noise {unknown}
 r - 3 scrolls of magic mapping {unknown}
 t - 5 scrolls of teleportation
 w - 2 scrolls of summoning
 x - 3 scrolls of fear {unknown}
 A - a scroll of blinking {unknown}
 F - a scroll of holy word {unknown}
Potions
 b - a potion of berserk rage
 d - a potion of cancellation
 l - 7 potions of curing
 p - 2 potions of lignification
 D - a potion of magic
 E - a potion of might {unknown}


   Skills:
 * Level 11.3 Fighting
 * Level 11.4 Long Blades
 * Level 11.1 Armour
 * Level 10.2 Dodging
 + Level 0.0 Stealth
 - Level 6.0 Shields
 + Level 0.0 Evocations


You had 10 spell levels left.
You didn't know any spells.
Your spell library was empty.

Dungeon Overview and Level Annotations

Branches:
Dungeon (13/15)            Temple (0/1) D:5            Lair (0/6) D:10
    Orc (0/2) D:12
 Vaults: D:13-14

Altars:
Cheibriados
Nemelex Xobeh
Ru
Sif Muna
Zin
Beogh

Shops:
D:1 ([[*?   D:2 [   D:10 *   D:12 =*([(

Annotations:
D:11 2 runed translucent doors, malygoose's ghost, journeyman DsGl
D:13 Erolcha


Innate Abilities, Weirdness & Mutations

You have a pair of horns on your head.
You reflexively headbutt those who attack you in melee.


Message History

You feel yourself moving faster!
You feel mighty!
The ancient lich gestures at you while chanting.
You are slowing down.
You feel a strong urge to attack something.
The ancient lich touches you but does no damage.
Your limbs are stiffening.
You closely miss the ancient lich. You slice the ancient lich!!
You headbutt the ancient lich.
The ancient lich is moderately damaged.
The ancient lich touches you but does no damage.
You have turned to stone.
The ancient lich touches you! The ancient lich touches you.
The ancient lich touches you but does no damage.
The ancient lich gestures wildly while chanting.
The ancient lich seems to speed up.
You are no longer berserk.
You feel yourself slow down.
The ancient lich touches you but does no damage.
The ancient lich gestures at you while chanting.
The crystal spear hits you!!!!
The ancient lich gestures at you while chanting.
You barely resist.
The ancient lich points at you and mumbles some strange words.
The ancient lich touches you!
You turn to flesh and can move again.
You feel much better.
The ancient lich touches you but does no damage.
The ancient lich gestures wildly while chanting.
The ancient lich flickers and vanishes!
Deactivating autopickup; reactivate with Ctrl-A.
Your skin crawls.
You feel strong-willed.
You hear some strange, mumbled words.
A crystal spear appears from out of thin air!
The crystal spear hits you!!
You hear some strange, mumbled words.
A crystal spear appears from out of thin air!
The crystal spear hits you!!!
You die...

## .# # #. .# #
.# .# .##
#.##.## .
#{#...# # #
#@...# .#.# .#
#..>####..## .#
≈#.#......#....#
.
#≈#.#.###..####
. #≈.#≈.≈ [#..≈
# . #≈≈##♣#≈
≈##≈≈.# #.#...
##. ≈≈ ##..
..#.. #. .#
##≈.. # ##. .#.#
...♣.# #


There were no monsters in sight!

Vanquished Creatures
  A slime creature (D:12)
  3 two-headed ogres
  A deep elf pyromancer (D:12)
  A manticore (D:12)
  2 cyclopes (D:12)
  A gargoyle (D:12)
  A kobold demonologist (D:12)
  14 yaks
  An acid dragon (D:11)
  8 orc warriors
  6 ice beasts
  3 black bears
  3 ogres (D:5)
  A necrophage (D:7)
  A phantom (D:7)
  4 centaurs
  3 kobold brigands
  8 bullfrogs
  3 scorpions
  A wyvern zombie (D:6)
  2 water moccasin zombies (D:5)
  2 wyvern skeletons (D:7)
  A killer bee (D:7)
  8 wights
  7 howler monkeys
  2 bullfrog zombies (D:6)
  4 centaur zombies
  2 hounds (D:5)
  10 orc priests
  2 jellies (D:5)
  A centaur skeleton (D:7)
  3 iguanas
  8 orc wizards
  A howler monkey zombie (D:5)
  Robin (D:2)
  A howler monkey skeleton (D:4)
  6 adders
  12 gnolls
  An ufetubus (D:7)
  3 worms
  38 orcs
  7 ball pythons
  8 endoplasms
  5 giant cockroaches
  5 goblins
  12 hobgoblins
  10 jackals
  5 quokkas
  5 bats
  5 frilled lizards
  32 kobolds
  13 rats
288 creatures vanquished.

Notes
Turn   | Place    | Note
-------+----------+-------------------------------------------
     0 | D:1      | Borgoz the Minotaur Berserker began the quest for the Orb.
     0 | D:1      | Reached XP level 1. HP: 19/19 MP: 0/0
   217 | D:1      | Reached XP level 2. HP: 18/27 MP: 1/1
   312 | D:1      | Found a faded altar of an unknown god.
   459 | D:1      | Found Yczutsud's General Store.
   659 | D:1      | Found Vauch's Magic Scroll Shop.
   915 | D:1      | Found Diblumea's Antique Weapon Shop.
   938 | D:1      | Found Noelui's Antique Armour Emporium.
   948 | D:1      | Reached ** piety under Trog
   949 | D:1      | Reached XP level 3. HP: 22/33 MP: 2/2
  1407 | D:1      | Found Xyucitam's Antique Armour Shoppe.
  1666 | D:2      | Reached XP level 4. HP: 41/41 MP: 3/3
  2143 | D:2      | Found Papebuha's Antique Armour Shoppe.
  2244 | D:2      | Noticed Robin
  2253 | D:2      | Killed Robin
  2475 | D:3      | Reached *** piety under Trog
  2487 | D:3      | Found a shimmering blue altar of Sif Muna.
  2562 | D:3      | Reached XP level 5. HP: 41/47 MP: 4/4
  2652 | D:3      | Found a sacrificial altar of Ru.
  3077 | D:4      | Reached skill level 5 in Fighting
  3378 | D:4      | Identified a scroll of acquirement
  3379 | D:4      | Acquired a +2 pair of gloves of dexterity
  3613 | D:5      | Entered Level 5 of the Dungeon
  3627 | D:5      | Reached skill level 5 in Long Blades
  3627 | D:5      | Reached XP level 6. HP: 41/56 MP: 5/5
  3779 | D:5      | Reached skill level 1 in Shields
  4092 | D:5      | Reached XP level 7. HP: 62/62 MP: 6/6
  4155 | D:5      | Reached skill level 5 in Armour
  4170 | D:5      | Reached **** piety under Trog
  4187 | D:5      | Reached skill level 5 in Dodging
  4256 | D:5      | Reached XP level 8. HP: 71/71 MP: 7/7
  4379 | D:5      | Found a staircase to the Ecumenical Temple.
  6393 | D:7      | Reached XP level 9. HP: 74/80 MP: 8/8
  7172 | D:7      | Reached ***** piety under Trog
  7484 | D:7      | Noticed a two-headed ogre
  7490 | D:7      | Killed a two-headed ogre
  7491 | D:7      | Reached skill level 5 in Shields
  7491 | D:7      | Reached XP level 10. HP: 91/91 MP: 9/9
  8890 | D:10     | Entered Level 10 of the Dungeon
  8941 | D:10     | Noticed a two-headed ogre
  8949 | D:10     | Killed a two-headed ogre
  9285 | D:10     | Found Gopsuxarph's General Store.
  9435 | D:10     | Reached skill level 10 in Fighting
  9435 | D:10     | Reached skill level 10 in Long Blades
  9634 | D:10     | Noticed a two-headed ogre
  9641 | D:10     | Killed a two-headed ogre
  9956 | D:9      | Found a glowing silver altar of Zin.
  9956 | D:9      | Found a snail-covered altar of Cheibriados.
 10075 | D:10     | Found a staircase to the Lair.
 10590 | D:10     | Found a sparkling altar of Nemelex Xobeh.
 10777 | D:11     | Reached skill level 10 in Armour
 10837 | D:11     | Reached XP level 11. HP: 91/101 MP: 10/10
 11101 | D:11     | Found a runed translucent door.
 11105 | D:11     | Noticed a skeletal warrior
 11106 | D:11     | Noticed a fire dragon
 11107 | D:11     | Noticed a lich
 11107 | D:11     | Noticed a phantasmal warrior
 11107 | D:11     | Noticed a skeletal warrior
 11107 | D:11     | Noticed a skeletal warrior
 11108 | D:11     | Noticed malygoose's ghost (journeyman DsGl)
 11109 | D:11     | Noticed a necromancer
 11117 | D:11     | Found a runed translucent door.
 11254 | D:11     | Acquired the ring of Lugonu's Hope {Fly rC+ rCorr Slay+2
                  | Stlth+}
 11530 | D:12     | Found Jeejuwiz's Armour Shoppe.
 11556 | D:12     | Found Cyso's Antique Weapon Shop.
 11617 | D:12     | Found Litomuge's General Store.
 11642 | D:12     | Noticed a deep elf pyromancer
 11657 | D:12     | Killed a deep elf pyromancer
 11681 | D:12     | Found Zutuc's Jewellery Shoppe.
 11801 | D:12     | Received a gift from Trog
 11804 | D:12     | Found Wafrikha's Antique Weapon Boutique.
 12055 | D:12     | Found a staircase to the Orcish Mines.
 12064 | D:12     | Reached skill level 10 in Dodging
 12385 | D:13     | Noticed Erolcha
 12386 | D:13     | Noticed a deep elf pyromancer
 12390 | D:13     | Cast into level 2 of the Abyss (Erolcha)
 12433 | Abyss:2  | Noticed an ancient lich
 12455 | Abyss:2  | Killed from afar by an ancient lich

Illustrated notes

Levels and vault maps discovered:
D:1:      dpeg_arrival_rooms_b, layout_basic, serial_shops, shop,
          nicolae_lakefront_shop, shop, nicolae_lakefront_shop, shop,
          shapermc_ecumenical_altar_starsandcircs
D:2:      layout_loops_cross, serial_shops, shop, uniq_robin
D:3:      layout_rooms, lemuel_tele_altar, mainiacjoe_overflow_24_doors
D:4:      layout_rooms, minmay_misc_feat_rugged, minmay_crystal_room
D:5:      layout_loops_corners, minmay_temple_entry_butterflies,
          chequers_serial_rivers_micro_e, minmay_fractal_squares_5
D:6:      layout_loops_corners, grunt_ministairs_12, centaur_isle
D:7:      layout_loops_corners, grunt_ministairs_8, minmay_checkerbox
D:8:      layout_cave_pools, eino_small_chamber_without_monster
D:9:      layout_long_grid, nicolae_overflow_hidden_temple,
          hangedman_decor_points
D:10:     layout_layer_cave, lair_entry_dummy, serial_shops, nicolae_shop_trees,
          kennysheep_flooded_box, minivault_5, kennysheep_generic_room_14
D:11:     layout_long_grid, muffindrake_ghost_dual_entry
D:12:     layout_rooms, david_orc_5, serial_shops, nicolae_shop_waterfront,
          shop_statue, nicolae_shop_window_shopping, nicolae_shop_statue_plus,
          shop_statue
D:13:     layout_long_grid, gammafunk_ghost_berserking_beasts, special_room
          [special_room_orc], uniq_erolcha
Abyss:2:  base:
D:5

Skill      XL: |  1  2  3  4  5  6  7  8  9 10 11 |
---------------+----------------------------------+-----
Fighting       | 4 5 6 7 9 10 11 | 11.3
Long Blades    | 4 5 6 7 9 10 11 | 11.4
Armour         | 3 4 5 7 8 10 11 | 11.1
Dodging        | 3 4 5 6 7 9 10 | 10.2
Shields        | 1 2 3 5 6 |  6.0

Action                   |  1- 3 |  4- 6 |  7- 9 | 10-12 || total
-------------------------+-------+-------+-------+-------++-------
Melee: Falchion          |    77 |   174 |   160 |       ||   411
       Headbutt          |    16 |    46 |    74 |    74 ||   210
       Scimitar          |       |       |    53 |   233 ||   286
Invok: Berserk           |       |     1 |     2 |     4 ||     7
       Trog's Hand       |       |       |     1 |     1 ||     2
  Use: Scroll            |       |     8 |     2 |     6 ||    16
       Potion            |       |     1 |     1 |     1 ||     3
Armor: Animal skin       |    16 |       |       |       ||    16
       Plate armour      |    10 |    88 |   122 |   116 ||   336
Dodge: Dodged            |    49 |    49 |    95 |   104 ||   297
Block: Buckler           |       |    21 |    44 |    51 ||   116
       Rpst.: Falchion   |    11 |     7 |    13 |       ||    31
       Scimitar          |       |       |     6 |    26 ||    32
